 Dungeon Crawl Stone Soup version 0.24-a0-644-g049a785 (webtiles) character file.

Game seed: 10687668635537470021, levelgen mode: deterministic

1869 JeffiDaFish the Thaumaturge (level 8, -12/41 HPs)
             Began as a Deep Elf Fire Elementalist on Sept 26, 2019.
             Was a Priest of Sif Muna.
             Mangled by an ogre
             ... wielding a +0 giant club
              (19 damage)
             ... on level 6 of the Dungeon.
             The game lasted 00:20:38 (7285 turns).

JeffiDaFish the Thaumaturge (DEFE)                  Turns: 7285, Time: 00:20:39

Health: -12/41     AC:  7    Str:  6    XL:     8   Next: 90%
Magic:  2/23       EV: 16    Int: 22    God:    Sif Muna [***...]
Gold:   246        SH:  0    Dex: 15    Spells: 12/25 levels left

rFire    . . .     SeeInvis .   q - +0 falchion (holy)
rCold    . . .     Gourm    .   (no shield)
rNeg     . . .     Faith    .   a - +0 robe
rPois    .         Spirit   .   f - +0 helmet
rElec    .         Reflect  .   (no cloak)
rCorr    .         Harm     .   i - +1 pair of gloves
MR       .....                  n - +1 pair of boots
Stlth    ++........             (no amulet)
HPRegen  0.13/turn              (no ring)
MPRegen  0.18/turn              (no ring)

@: very slightly contaminated
A: no striking features
a: Channel Magic, Forget Spell, Renounce Religion


You were on level 6 of the Dungeon.
You worshipped Sif Muna.
Sif Muna was most pleased with you.
You were not hungry.

You visited 1 branch of the dungeon, and saw 6 of its levels.
You also visited: Ossuary.

You collected 246 gold pieces.

Inventory:

Hand Weapons
 b - a +0 short sword
 q - a +0 falchion of holy wrath (weapon)
Armour
 a - a +0 robe (worn)
 f - a +0 helmet (worn)
 i - a +1 pair of gloves (worn)
 n - a +1 pair of boots (worn)
Jewellery
 p - a cursed -3 ring of dexterity {unknown}
Wands
 j - a wand of flame (13)
Scrolls
 g - 2 scrolls of amnesia
 h - 2 scrolls of identify
 k - 3 scrolls of blinking
 l - a scroll of remove curse
Potions
 d - 3 potions of curing
 e - 3 potions of heal wounds
 m - 3 potions of ambrosia
 o - 4 potions of flight
 r - a potion of invisibility
Comestibles
 c - 5 rations


   Skills:
 + Level 5.9 Dodging
 - Level 2.4 Stealth
 * Level 9.2 Spellcasting
 + Level 5.2 Conjurations
 * Level 8.1 Fire Magic


You had 12 spell levels left.
You knew the following spells:

 Your Spells              Type           Power        Failure   Level  Hunger
a - Flame Tongue          Conj/Fire      #####        1%          1    None
b - Conjure Flame         Conj/Fire      #####...     1%          3    None
c - Sticky Flame          Conj/Fire      #####...     4%          4    ##.....
d - Fireball              Conj/Fire      #####.....   12%         5    ####...

Your spell library contained the following spells:

 Spells                   Type           Power        Failure   Level  Hunger
 Magic Dart               Conj           ####         1%          1    None
 Searing Ray              Conj           ####..       1%          2    None
 Throw Flame              Conj/Fire      #####.       1%          2    None
 Inner Flame              Hex/Fire       ####....     3%          3    None
 Dazzling Spray           Conj/Hex       ###...       7%          3    None
 Iskenderun's Mystic Bla  Conj           ####....     8%          4    ##.....
 Force Lance              Conj/Tloc      ###.....     22%         4    ##.....
 Fulminant Prism          Conj/Hex       ###.......   22%         4    ##.....


Dungeon Overview and Level Annotations

Branches:
Dungeon (6/15)            Ossuary (visited)
 Temple: D:4-7

Altars:
Ashenzari
Cheibriados
Elyvilon
Kikubaaqudgha
Makhleb
Nemelex Xobeh
Qazlal
Sif Muna
Trog
Xom
Zin
The Shining One

Annotations:
D:6 3 runed translucent doors, Dittersdorf's ghost, novice MfFi


Message History

You kill the ooze!
Sif Muna accepts your kill.
Casting: Sticky Flame (safe; 4% risk of failure)
Confirm with . or Enter, or press ? or * to list all spells.
Aiming: Sticky Flame (safe; 4% risk of failure)
Press: ? - help, Shift-Dir - straight line, f - ogre
Aim: an ogre, wielding a +0 giant club You miscast Sticky Flame.
Nothing appears to happen.
The ogre hits you with a +0 giant club!!
* * * LOW HITPOINT WARNING * * *
Casting: Sticky Flame (safe; 4% risk of failure)
Confirm with . or Enter, or press ? or * to list all spells.
Aiming: Sticky Flame (safe; 4% risk of failure)
Press: ? - help, Shift-Dir - straight line, f/p - ogre
Aim: an ogre, wielding a +0 giant club The sticky flame hits the ogre.
The ogre is moderately wounded.
The ogre is covered in liquid flames!
The ogre burns!
The ogre hits you with a +0 giant club!!
You die...

..KK#.# ####...#.#####..#
###K+.## #..)...###1#
#.## KKWK+..#
#..)....#### #.#
###K+..###..#...)### ##.#
.KKK#..........##..# #..#
P♣K##..#.....####..###.##
###.....##.## ###(....#
#####.####.# #..<.#### #.
#.####.####@#.(#
#.###......†[[O.#..#
##.#........######..#
#........#### #(.#
#..>#.#.## ##.# ........#
#.. .......## #...
.......##### #..
............ #.#


You could see an ogre (burning).

Vanquished Creatures
  Grinder (D:5)
  Menkaure (D:5)
  Duvessa (D:5)
  A necrophage (D:5)
  An ice beast (D:6)
  A phantom (D:4)
  2 centaurs
  2 bullfrogs
  Dowan (D:5)
  A water moccasin zombie (Ossuary)
  A scorpion (D:4)
  A bullfrog skeleton (D:4)
  A human zombie (D:5)
  2 orc priests
  A gnoll shaman (D:5)
  An iguana (D:4)
  Natasha (thrice) (D:3)
  4 worker ants
  3 big kobold zombies (Ossuary)
  2 mummies (Ossuary)
  A howler monkey zombie (D:5)
  A worker ant zombie (D:5)
  3 adders (D:3)
  8 gnolls
  3 oozes
  8 adder zombies
  6 dart slugs
  5 leopard geckos
  15 orcs
  3 ball pythons
  A giant cockroach (D:6)
  7 goblins
  6 hobgoblins
  2 jackals (D:4)
  3 quokkas
  4 bats
  9 frilled lizards
  6 gnoll zombies (Ossuary)
  3 hobgoblin zombies (Ossuary)
  A jackal zombie (D:5)
  10 kobolds
  3 kobold zombies (Ossuary)
  4 orc zombies (Ossuary)
  2 quokka skeletons
  6 rats
151 creatures vanquished.

Vanquished Creatures (others)
  2 fungi (D:6)
  4 toadstools (D:1)
6 creatures vanquished.

Grand Total: 157 creatures vanquished

Notes
Turn   | Place    | Note
-------+----------+-------------------------------------------
     0 | D:1      | JeffiDaFish the Deep Elf Fire Elementalist began the quest
                  | for the Orb.
     0 | D:1      | Reached XP level 1. HP: 10/10 MP: 6/6
   300 | D:1      | Reached XP level 2. HP: 15/15 MP: 2/8
  1001 | D:2      | Reached XP level 3. HP: 12/19 MP: 6/10
  1340 | D:2      | Reached skill level 4 in Spellcasting
  1396 | D:2      | Reached XP level 4. HP: 9/24 MP: 4/12
  1636 | D:2      | Found a shattered altar of Ashenzari.
  1638 | D:2      | Found a shimmering blue altar of Sif Muna.
  1644 | D:2      | Found a white marble altar of Elyvilon.
  1644 | D:2      | Found a shimmering altar of Xom.
  1646 | D:2      | Found a bloodstained altar of Trog.
  1647 | D:2      | Found a glowing golden altar of the Shining One.
  1655 | D:2      | Became a worshipper of Sif Muna the Loreminder
  2124 | D:2      | Learned a level 3 spell: Conjure Flame
  2129 | D:2      | Learned a level 4 spell: Sticky Flame
  2637 | D:2      | Found a stormy altar of Qazlal.
  3158 | D:3      | Reached XP level 5. HP: 26/28 MP: 8/13
  3201 | D:3      | Reached * piety under Sif Muna
  3394 | D:3      | HP: 1/28 [orc priest/divine providence (12)]
  3555 | D:3      | Noticed Natasha
  3558 | D:3      | Killed Natasha
  3558 | D:3      | Reached skill level 5 in Spellcasting
  3752 | D:3      | Noticed Natasha
  3759 | D:3      | Killed Natasha
  3759 | D:3      | Reached skill level 5 in Fire Magic
  3992 | D:3      | Noticed Natasha
  3996 | D:3      | Killed Natasha
  4151 | D:3      | Reached XP level 6. HP: 32/32 MP: 14/16
  4240 | D:4      | Learned a level 5 spell: Fireball
  4250 | D:4      | Found an ancient bone altar of Kikubaaqudgha.
  4356 | D:4      | Found a snail-covered altar of Cheibriados.
  4556 | D:4      | Reached skill level 6 in Spellcasting
  4683 | D:4      | Reached XP level 7. HP: 35/36 MP: 6/18
  5088 | D:5      | Entered Level 5 of the Dungeon
  5252 | D:5      | Found a sparkling altar of Nemelex Xobeh.
  5350 | D:5      | Reached skill level 7 in Spellcasting
  5463 | D:5      | Found a sand-covered staircase.
  5498 | Ossuary  | Entered an ossuary
  5578 | Ossuary  | Reached ** piety under Sif Muna
  6407 | D:5      | Reached XP level 8. HP: 41/41 MP: 16/21
  6422 | D:5      | Noticed Menkaure
  6431 | D:5      | Killed Menkaure
  6431 | D:5      | Reached skill level 5 in Dodging
  6791 | D:6      | Noticed Duvessa
  6791 | D:6      | Noticed Dowan
  6842 | D:6      | Reached skill level 8 in Spellcasting
  6943 | D:6      | Found a glowing silver altar of Zin.
  6944 | D:6      | Found a burning altar of Makhleb.
  6946 | D:6      | Noticed an angel
  6946 | D:6      | Noticed an Executioner
  6978 | D:6      | Noticed Grinder
  6986 | D:6      | Reached *** piety under Sif Muna
  7057 | D:6      | Found a runed translucent gate.
  7057 | D:6      | Found a runed translucent gate.
  7086 | D:5      | Killed Grinder
  7166 | D:5      | Killed Duvessa
  7166 | D:5      | Reached skill level 9 in Spellcasting
  7166 | D:5      | Reached skill level 5 in Conjurations
  7169 | D:5      | Killed Dowan
  7240 | D:6      | Noticed Dittersdorf's ghost (novice MfFi)
  7241 | D:6      | Noticed a kobold demonologist
  7241 | D:6      | Found a runed translucent gate.
  7241 | D:6      | Identified the +7 whip of Dim Light {drain, rN+ Str+8
                  | Int-5}
  7285 | D:6      | Mangled by an ogre

Levels and vault maps discovered:
D:1:      ldierk_walled_garden_2, layout_basic
D:2:      layout_basic, grunt_temple_overflow_open,
          nicolae_overflow_crystal_walls
D:3:      layout_basic, uniq_natasha
D:4:      layout_loops_ring, kennysheep_mini_moat, first_ration,
          minmay_misc_feat_secret_circle, kennysheep_slug_shrine
D:5:      layout_loops_ring, nemelex_xobeh_ov_fountains_minmay, enter_ossuary_3,
          uniq_menkaure
D:6:      layout_rooms, grunt_temple_overflow_order_and_chaos_2, basic_altar,
          gammafunk_ghost_nasty_kobolds, nrook_loot_triangle, uniq_duvessa,
          uniq_grinder

Skill      XL: |  1  2  3  4  5  6  7  8 |
---------------+-------------------------+-----
Fire Magic     | 4 5 6 8 |  8.1
Dodging        | 3 4 5 |  5.9
Spellcasting   | 4 5 6 7 9 |  9.2
Conjurations   | 2 3 4 5 |  5.2
Stealth        | |  2.4

Action                   |  1- 3 |  4- 6 |  7- 9 || total
-------------------------+-------+-------+-------++-------
Melee: Short sword       |    18 |    50 |    16 ||    84
       Rapier            |       |     4 |   211 ||   215
       Falchion          |       |       |     5 ||     5
 Cast: Flame Tongue      |    45 |   124 |    49 ||   218
       Sticky Flame      |       |    10 |    38 ||    48
       Fireball          |       |       |     3 ||     3
       Conjure Flame     |       |       |     1 ||     1
  Use: Potion            |     4 |     3 |     2 ||     9
       Scroll            |     4 |     3 |     5 ||    12
 Stab: Sleeping          |     1 |     2 |       ||     3
       Distracted        |     1 |       |       ||     1
  Eat: Chunk             |     1 |     9 |     6 ||    16
       Ration            |       |     1 |     2 ||     3
Armor: Robe              |     8 |    26 |    86 ||   120
Dodge: Dodged            |    15 |    81 |   183 ||   279
       Rpst.: Falchion   |       |       |     5 ||     5

Table legend:
 A = Non-vault XP
 B = Vault XP
 C = Vault XP percentage of total XP
 D = Non-vault monster count
 E = Vault monster count
 F = Vault count percentage of total count
                 A         B        C        D         E       F
            +---------+---------+-------+---------+---------+-------
      Total |    1658 |    1013 |  37.9 |     114 |      37 |  24.5
            +---------+---------+-------+---------+---------+-------
        D:1 |      38 |       0 |   0.0 |      18 |       0 |   0.0
        D:2 |      99 |       0 |   0.0 |      25 |       0 |   0.0
        D:3 |     208 |      35 |  14.4 |      29 |       1 |   3.3
        D:4 |     419 |       4 |   0.9 |      14 |       1 |   6.7
        D:5 |     410 |     727 |  63.9 |      12 |       6 |  33.3
        D:6 |     484 |       0 |   0.0 |      16 |       0 |   0.0
    Ossuary |       0 |     247 | 100.0 |       0 |      29 | 100.0
            +---------+---------+-------+---------+---------+-------
